 Dungeon Crawl Stone Soup version 0.30-a0-709-gcdc1b43e22 (webtiles) character file.

Game seed: 6071838785878515623

53 Dartaoz the Shooter (level 3, -1/30 HPs)
             Began as a Minotaur Hunter on Jan 22, 2023.
             Slain by an orc
             ... wielding a +0 club
              (3 damage)
             ... on level 3 of the Dungeon.
             The game lasted 00:02:43 (1899 turns).

Dartaoz the Shooter (Minotaur Hunter)               Turns: 1899, Time: 00:02:44

Health: -1/30      AC:  3    Str: 15    XL:     3   Next: 64%
Magic:  2/2        EV: 12    Int:  6    God:
Gold:   158        SH:  0    Dex: 15    Spells: 2/2 levels left

rFire   . . .      SeeInvis .    a - +0 shortbow
rCold   . . .      Faith    .    (shield currently unavailable)
rNeg    . . .      Spirit   .    c - +0 leather armour
rPois   .          Reflect  .    (helmet restricted)
rElec   .          Harm     .    (no cloak)
rCorr   .          Rampage  .    (no gloves)
Will    .....                    (no boots)
Stlth   +                        (no amulet)
HPRegen 0.25/turn                (no ring)
MPRegen 0.08/turn                (no ring)

@: confused
A: horns 2, retaliatory headbutt
a: no special abilities


You were on level 3 of the Dungeon.
You visited 1 branch of the dungeon, and saw 3 of its levels.

You collected 158 gold pieces.

Inventory:

Hand Weapons
 a - a +0 shortbow (weapon)
Armour
 c - a +0 leather armour (worn)
Wands
 o - a wand of quicksilver (11)
Scrolls
 b - a scroll of immolation
 e - a scroll of vulnerability {unknown}
 g - 3 scrolls of identify {unknown}
 l - a scroll of teleportation {unknown}
 m - a scroll of silence {unknown}
 n - a scroll of amnesia {unknown}
Potions
 d - 3 potions of curing {unknown}
 f - 2 potions of lignification {unknown}
 h - a potion of berserk rage {unknown}
 i - a potion of magic {unknown}
 j - a potion of attraction {unknown}
 k - a potion of ambrosia {unknown}


   Skills:
 - Level 2.4 Fighting
 + Level 5.9 Ranged Weapons
 - Level 2.1 Dodging
 - Level 0.7 Stealth


You had 2 spell levels left.
You didn't know any spells.
Your spell library contained the following spells:

 Spells                   Type           Power      Damage    Failure   Level
 Tukima's Dance           Hex            0%         N/A       88%         3
 Passage of Golubria      Tloc           0%         N/A       99%         4
 Yara's Violent Unravell  Hex/Tmut       0%         3d3       100%        5


Dungeon Overview and Level Annotations

Branches:
Dungeon (3/15)

Altars:

Annotations:
D:3 Ijyb


Innate Abilities, Weirdness & Mutations

You have a pair of horns on your head.
You reflexively headbutt those who attack you in melee.


Message History

The orc hits you with a +0 club.
Ijyb zaps a wand.
You resist with significant effort.
You bump into the rock wall.
Ijyb completely misses you. The orc hits you with a +0 club.
You clumsily bash Ijyb but do no damage.
Ijyb hits you but does no damage. The orc misses you.
You clumsily bash Ijyb but do no damage.
Your headbutt misses Ijyb. Ijyb hits you with a +0 dagger.
The orc closely misses you.
Ijyb zaps a wand.
You resist with significant effort. The orc hits you with a +0 club.
You bump into the rock wall.
The orc closely misses you. Ijyb hits you with a +0 dagger.
You bump into the rock wall.
The orc hits you with a +0 club. Ijyb hits you with a +0 dagger.
Found a stone staircase leading down.
You bump into the rock wall.
The orc closely misses you.
You bump into the rock wall.
The orc hits you with a +0 club.
You're too confused to move!
The orc closely misses you. Ijyb barely misses you.
Ijyb attacks as you move away! Ijyb barely misses you.
You barely miss the orc. You headbutt the orc, but do no damage.
Ijyb barely misses you. The orc hits you with a +0 club.
You miss Ijyb.
Ijyb zaps a wand.
Your will is overpowered!
You are more confused.
The orc hits you with a +0 club.
* * * LOW HITPOINT WARNING * * *
Ijyb zaps a wand.
Your will is overpowered!
You are more confused.
The orc closely misses you.
You clumsily bash the orc but do no damage.
Ijyb closely misses you. The orc closely misses you.
You clumsily bash the orc but do no damage.
Ijyb hits you with a +0 dagger.
* * * LOW HITPOINT WARNING * * *
The orc hits you with a +0 club.
* * * LOW HITPOINT WARNING * * *
Ijyb hits you with a +0 dagger.
* * * LOW HITPOINT WARNING * * *
The orc hits you with a +0 club.
You die...

#................
#########.############.
..#.......# #.#.###..##
#.#.##..## . #.#.#...#
.. # #.#...#.##.#
.####.#.#..o.....#
...........g@.##.#
..####.##..###......
...........<..#.
#.###.##..#####.# # ...
....? # ### ...###
.>#.# ## .#


You could see Ijyb and an orc.

Vanquished Creatures
  An adder (D:2)
  A worm (D:2)
  A dart slug (D:1)
  7 endoplasms
  A giant cockroach (D:1)
  3 goblins
  2 hobgoblins
  A jackal (D:1)
  A quokka (D:1)
  3 ball pythons
  7 bats
  3 frilled lizards
  3 kobolds (D:1)
  2 rats
36 creatures vanquished.

Notes
Turn   | Place    | Note
-------+----------+-------------------------------------------
     0 | D:1      | Dartaoz the Minotaur Hunter began the quest for the Orb.
     0 | D:1      | Reached XP level 1. HP: 18/18 MP: 0/0
   199 | D:1      | Found a faded altar of an unknown god.
   229 | D:1      | Reached XP level 2. HP: 18/25 MP: 1/1
   260 | D:1      | Reached skill level 5 in Ranged Weapons
  1184 | D:2      | Reached XP level 3. HP: 30/30 MP: 2/2
  1875 | D:3      | Noticed Ijyb
  1899 | D:3      | Slain by an orc

Illustrated notes

Levels and vault maps discovered:
D:1:      wheals_arrival_shading, layout_loops_corners,
          ebering_ecumenical_altar_abandoned, minmay_vboxes
D:2:      layout_basic, grunt_decor_one_mirror
D:3:      layout_basic, nicolae_concentric_dashed_squares_wild,
          minmay_misc_feat_square, uniq_ijyb

Skill      XL: |  1  2 |
---------------+-------+-----
Ranged Weapons | 5 |  5.9
Fighting       | |  2.4
Dodging        | |  2.1
Stealth        | |  0.7

Action                     || total
---------------------------++-------
  Melee: Shortbow          ||     6
         Headbutt          ||     1
   Fire: Shortbow          ||   118
 Armour: Leather armour    ||    14
  Dodge: Dodged            ||    47

Table legend: (Time is in decaauts)
 A = Elapsed time spent in this place.
 B = Non-inter-level travel time spent in this place.
 C = Inter-level travel time spent in this place.
 D = Time resting spent in this place.
 E = Time spent auto-exploring this place.
 F = Levels seen in this place.
 G = Mean time per level.
                   A        B        C        D        E       F      G
               +--------+--------+--------+--------+--------+-----+--------+
         Total |   1932 |   1888 |     44 |      0 |   1633 |   3 |  644.0 |
       Dungeon |   1932 |   1888 |     44 |      0 |   1633 |   3 |  644.0 |
               +--------+--------+--------+--------+--------+-----+--------+

Top non-repeatable levels by time:
     D:1: 978 daAuts
     D:2: 893 daAuts
     D:3: 60 daAuts
